AoeStats
← Gelekikker

African Clearing

510618106Analyzed
3v3 RM · 1d ago on Oct 1, 2026· 50m 25s· 6 players
Game mode
Random Map
Map size
Normal (6 player)
Population
200
Speed
Normal
Resources
Standard
Victory
Conquest
Starting age
Dark Age
Ending age
Imperial Age
RankedLock teamsTeams togetherTeam positionsShared explorationLock speedFull tech treeHidden civsTurbo modeCheats
Victory
Defeat
🇫🇷 Mongols · France
1195
+14
🇺🇸 Vikings · United States
1184
+15
🇺🇾 Chinese · Uruguay
1138
+17
🇳🇱 Saracens · Netherlands
1217
-18
🇳🇱 Hindustanis · Netherlands
1212
-17
🇳🇱 Vietnamese · Netherlands
1040
-11
wtjebbe
6:34 Loom
12:53 Feudal Age
13:45 Double-Bit Axe
17:31 Fletching
18:40 Horse Collar
25:55 Castle Age
25:46 Padded Archer Armor
26:40 Crossbowman
27:38 Bow Saw
27:40 Gold Mining
28:53 Elite Skirmisher
29:36 Bodkin Arrow
32:31 Heavy Plow
32:57 Thumb Ring
34:44 Gold Shaft Mining
36:50 Ballistics
38:12 Stone Mining
40:23 Leather Archer Armor
Floppy
6:49 Loom
13:02 Feudal Age
15:51 Double-Bit Axe
15:50 Horse Collar
19:38 Fletching
19:49 Padded Archer Armor
28:26 Castle Age
29:54 Crossbowman
30:08 Elite Skirmisher
32:15 Bodkin Arrow
41:22 Ballistics
Gelekikker
6:53 Loom
13:18 Feudal Age
13:59 Double-Bit Axe
13:56 Horse Collar
18:48 Bloodlines
25:04 Castle Age
23:53 Scale Barding Armor
23:48 Gold Mining
25:23 Forging
26:27 Husbandry
28:00 Wheelbarrow
28:34 Bow Saw
28:40 Stone Mining
30:59 Chain Barding Armor
30:59 Town Watch
32:01 Fletching
35:47 Iron Casting
35:08 Bodkin Arrow
38:48 Hand Cart
40:14 Heavy Plow
41:49 Grand Trunk Road
46:10 Ballistics
47:19 Scale Mail Armor
49:51 Chain Mail Armor
Apoptosis
9:12 Loom
12:36 Feudal Age
14:57 Fletching
28:56 Castle Age
28:06 Horse Collar
29:00 Crossbowman
29:50 Bodkin Arrow
40:21 Double-Bit Axe
46:08 Imperial Age
44:34 Heavy Plow
46:08 Padded Archer Armor
46:24 Arbalester
47:12 Bracer
47:40 Town Watch
48:13 Bow Saw
48:47 Conscription
49:03 Bogsveigar
49:19 Leather Archer Armor
48:37 Capped Ram
50:44 Ring Archer Armor
50:03 Siege Ram
bandreol
2:57 Loom
11:51 Feudal Age
12:27 Double-Bit Axe
14:54 Horse Collar
17:54 Bloodlines
26:54 Castle Age
25:08 Scale Barding Armor
25:39 Gold Mining
26:56 Light Cavalry
30:03 Husbandry
30:25 Forging
30:56 Bow Saw
32:15 Wheelbarrow
33:18 Fletching
33:38 Town Watch
33:52 Stone Mining
35:19 Hand Cart
37:33 Bodkin Arrow
38:38 Padded Archer Armor
39:30 Thumb Ring
41:54 Ballistics
43:07 Murder Holes
44:00 Gold Shaft Mining
45:30 Leather Archer Armor
46:11 Stone Shaft Mining
46:14 Fervor
49:36 Imperial Age
48:57 Chain Barding Armor
49:47 Elite Chu Ko Nu
Atès
14:53 Feudal Age
19:02 Castle Age
17:33 Double-Bit Axe
21:43 Loom
22:53 Stone Mining
28:34 Gold Mining
30:01 Forging
29:52 Padded Archer Armor
29:57 Scale Barding Armor
30:20 Light Cavalry
32:47 Wheelbarrow
33:10 Bow Saw
33:46 Ballistics
33:23 Fletching
34:29 Bloodlines
34:19 Husbandry
38:06 Imperial Age
35:08 Pikeman
35:48 Squires
37:42 Iron Casting
37:03 Bodkin Arrow
37:23 Leather Archer Armor
37:29 Chain Barding Armor
38:03 Hand Cart
38:28 Squires
39:23 Drill
39:25 Conscription
38:45 Capped Ram
40:37 Blast Furnace
39:37 Bracer
39:48 Siege Ram
41:55 Elite Steppe Lancer
43:29 Heavy Camel Rider
46:49 Gold Shaft Mining
Connection lost

Rejoining the realm…

Still unreachable

The connection could not be restored.

Session expired

The server has moved on; the page needs a fresh start.